 Dungeon Sprint DCSS version 0.26-a0-662-g8b9c6dab81 (webtiles) character file.

Game seed: 353331728750864616

16213 TerrariaFan the Fencer (level 12, -1/107 HPs)
             Began as a Demonspawn Monk on Oct 9, 2020.
             Was a High Priest of Ashenzari.
             Slain by a spriggan berserker
             ... wielding a +2 rapier of electrocution
              (13 damage)
             ... in the Dungeon (Sprint V: "Ziggurat Sprint").
             The game lasted 00:04:22 (1713 turns).

TerrariaFan the Fencer (Demonspawn Monk)            Turns: 1713, Time: 00:04:25

Health: -1/107     AC: 31    Str: 16    XL:     12   Next: 8%
Magic:  0/12       EV:  4    Int: 11    God:    Ashenzari [*****.]
Gold:   0          SH: 31    Dex: 15    Spells: 11/11 levels left

rFire    . . .     SeeInvis +   y - +7 Screaming Sword {vorpal, sonic wave}
rCold    . . .     Faith    .   x - +18 shield of the Gong {rElec rN+ MR+ EV-5}
rNeg     + . .     Spirit   +   w - +15 Maxwell's patent armour {-Cast -Tele rElec MR+ rCorr}
rPois    .         Reflect  .   (helmet unavailable)
rElec    +         Harm     .   (no cloak)
rCorr    +         Rampage  .   (no gloves)
MR       ++...     Clarity  +   (no boots) Stlth ..........NoTele +
                                (no amulet)
HPRegen  0.27/turn NoCast   +   (no ring)
MPRegen  0.26/turn              (no ring)

@: no status effects
A: horns 3, slimy green scales 2, clumsy 1, magic shield, magic regeneration
a: Curse Item, Scrying, Transfer Knowledge, Renounce Religion


You were in the Dungeon.
You worshipped Ashenzari.
Ashenzari was extremely pleased with you.
You visited 1 branch

Inventory:

Hand Weapons
 a - a +0 falchion
 y - the +7 Screaming Sword (weapon) {vorpal, sonic wave}
   (You found it in the Dungeon)

   It inflicts extra damage upon your enemies.
Armour
 b - a +0 robe
 w - the +15 Maxwell's patent armour (worn) {-Cast -Tele rElec MR+ rCorr}
   (You found it in the Dungeon)

   It insulates you from electricity.
   It affects your resistance to hostile enchantments.
   It prevents spellcasting.
   It prevents most forms of teleportation.
   It provides partial protection from all sources of acid and corrosion.
 x - the +18 shield of the Gong (worn) {rElec rN+ MR+ EV-5}
   (You found it in the Dungeon)

   It affects your evasion (-5).
   It insulates you from electricity.
   It protects you from negative energy.
   It affects your resistance to hostile enchantments.
Jewellery
 z - an uncursed ring of flight
 A - the amulet of Yshriluwo {Acrobat rC+ Int+3}
   (You found it in the Dungeon)

   [amulet of the acrobat]

   It helps you evade while moving and waiting.
   It affects your intelligence (+3).
   It protects you from cold.
Wands
 t - a wand of disintegration (7)
 u - a wand of iceblast (7)
 v - a wand of acid (7)
Scrolls
 h - 4 scrolls of blinking
 o - 4 scrolls of amnesia
 p - 7 scrolls of fog
 q - 5 scrolls of identify
 r - 5 scrolls of remove curse
 s - 2 scrolls of fear
Potions
 c - 10 potions of curing
 d - 10 potions of heal wounds
 e - 10 potions of haste
 f - 7 potions of magic
 g - 3 potions of berserk rage
 i - 2 potions of brilliance
 j - 2 potions of invisibility
 k - 4 potions of resistance
 l - a potion of experience
 m - 5 potions of stabbing
 n - 5 potions of might


   Skills:
 + Level 14.3 Fighting
 + Level 16.2 Long Blades
 + Level 7.8 Armour
 + Level 11.2 Dodging
 + Level 5.5 Stealth
 + Level 13.0 Shields


You had 11 spell levels left.
You didn't know any spells.
Your spell library was empty.

Dungeon Overview and Level Annotations

Branches:
Dungeon (1/1)

Altars:
Ashenzari
Cheibriados
Dithmenos
Elyvilon
Fedhas
Gozag
Hepliaklqana
Kikubaaqudgha
Makhleb
Nemelex Xobeh
Okawaru
Qazlal
Ru
Sif Muna
Trog
Uskayaw
Vehumet
Wu Jian
Xom
Yredelemnul
Zin
The Shining One
Beogh
Jiyva
Lugonu

Annotations:
D 3 transporters


Innate Abilities, Weirdness & Mutations

You have a pair of large horns on your head.
You are mostly covered in slimy green scales. (AC +3)
When hurt, damage is shared between your health and your magic reserves.
You regenerate magic rapidly.
You are clumsy. (Dex -2)


Message History

The polar bear's corpse disappears in a puff of smoke!
The cane toad is heavily wounded.
The spriggan berserker is severely wounded.
The cane toad is almost dead.
The black mamba is almost dead.
The komodo dragon is heavily wounded.
The eight-headed hydra is heavily wounded.
You kill the cane toad!
Your Shields skill increases to level 13!
The komodo dragon is heavily wounded.
The elephant is lightly wounded.
The black mamba bites you.
* * * LOW HITPOINT WARNING * * *
You block the cane toad's attack.
PANG!
You block the elephant's attack.
GONNNNG!
You block the elephant's attack.
GONNNNG!
The spriggan berserker hits you with a +2 rapier of electrocution!
You die...

, ,, * * * ** *▓.▓.....▓.▓ , ,
,▓....8©8....▓....©....▓ ,
▓..[:)==|=..▓▓▓▓▓▓▓▓▓▓▓ , , ,
, ▓...)}|:[...▓...8©8...▓ *
▓...........▓..)=):|..▓ ,,,
▓...........▓...)[:...▓ ,, ,
▓.....l.....▓.........▓ , , ,
,,▓....FSl....▓.........▓ ,
,,,, , ,,▓.i@Y.▓..▓.........▓
,,, , , ,*▓▓D.F▓▓▓.▓.........▓
, , , ,▓..▓.....▓..▓.▓.....▓.▓
,,, ,
,,▓.....©.....▓....©....▓ ,
,▓▓▓▓▓▓▓▓▓▓▓▓▓▓▓▓▓▓▓▓▓▓▓ ,
▓...8©8...▓...8©8...▓.. , ,
*,▓..|"[[)?.▓..))|:!..▓.. , ,
...▓..▓..)[}):..▓..||)=)..▓..
,
,......▓.........▓.........▓..


You could see an eight-headed hydra (strong), an elephant (strong), a spriggan
berserker (berserk, regenerating, resisting magic), 2 komodo dragons, a black
mamba and 2 cane toads.

Vanquished Creatures
  An azure jelly (D)
  An ironheart preserver (D)
  2 death oozes (D)
  An ogre mage (D)
  A great orb of eyes (D)
  A boulder beetle (D)
  A dancing weapon (D)
  A deep elf knight (D)
  A spriggan druid (D)
  A wolf spider (D)
  A shining eye (D)
  A salamander (shapeshifter) (D)
  An elephant (D)
  4 cane toads (D)
  A komodo dragon (D)
  A troll (shapeshifter) (D)
  A jumping spider (D)
  A polar bear (shapeshifter) (D)
  2 hornets (D)
  5 slime creatures (D)
  A redback (D)
  4 spriggans (D)
  2 tarantellas (D)
  A water elemental (D)
  A fire elemental (D)
  2 golden eyes (D)
  A basilisk (D)
  2 water moccasins (D)
  3 floating eyes (D)
  2 necrophages (D)
  A sky beast (shapeshifter) (D)
  2 black bears (D)
  A phantom (D)
  An eye of draining (shapeshifter) (D)
  2 wolves (D)
  3 bullfrogs (D)
  2 scorpions (D)
  7 jellies (D)
  A shadow imp (D)
  A white imp (D)
  3 oozes (D)
  2 adder skeletons (D)
  A bat skeleton (D)
  2 bat zombies (D)
  A giant cockroach zombie (D)
  A jackal skeleton (D)
  A quokka zombie (D)
80 creatures vanquished.

Vanquished Creatures (others)
  A large abomination (D)
1 creature vanquished.

Grand Total: 81 creatures vanquished

Notes
Turn   | Place    | Note
-------+----------+-------------------------------------------
     0 | D        | TerrariaFan the Demonspawn Monk began the quest for the
                  | Orb.
     0 | D        | Reached XP level 1. HP: 18/18 MP: 1/1
     0 | D        | Found a shimmering blue altar of Sif Muna.
     0 | D        | Found a bloodstained altar of Trog.
     0 | D        | Found a sacrificial altar of Ru.
     0 | D        | Found a stormy altar of Qazlal.
     0 | D        | Found an iron altar of Okawaru.
     1 | D        | Found a sparkling altar of Nemelex Xobeh.
     1 | D        | Found a blossoming altar of Fedhas.
     2 | D        | Found the +6 Majin-Bo {vamp, MP+6 Int+6}
     2 | D        | Found the +9 heavy crossbow "Sniper" {vorpal, Acc+∞ SInv}
     2 | D        | Found the +10 dark maul {vorpal}
     2 | D        | Found the +15 Maxwell's patent armour {-Cast -Tele rElec
                  | MR+ rCorr}
     2 | D        | Found the +18 shield of the Gong {rElec rN+ MR+ EV-5}
     2 | D        | Found the cursed +14 obsidian axe {vorpal, +Fly SInv
                  | *Curse}
     2 | D        | Found the +7 great mace "Firestarter" {inner flame, rF++}
     2 | D        | Found the +6 shillelagh "Devastator" {shatter}
     2 | D        | Found the +11 plutonium sword {*Contam Stlth-}
     2 | D        | Found the +8 lance "Wyrmbane" {slay drac, rPois rF+ rC+
                  | AC+3}
     2 | D        | Found the +9 sword of Zonguldrok {reap}
     2 | D        | Found the cursed +13 scythe of Curses {drain, *Curse}
     2 | D        | Found the +0 sword of Power
     2 | D        | Found the +7 mace of Variability {chain chaos}
     2 | D        | Found the +7 Singing Sword {vorpal, sonic wave}
     2 | D        | Found the +8 storm bow {elec, penet}
     3 | D        | Found a transporter.
     3 | D        | Found an ancient bone altar of Kikubaaqudgha.
     3 | D        | Found a viscous altar of Jiyva.
     3 | D        | Found a corrupted altar of Lugonu.
     3 | D        | Found a hazy altar of Hepliaklqana.
     3 | D        | Found a burning altar of Makhleb.
     3 | D        | Found an opulent altar of Gozag.
   189 | D        | Became a worshipper of Ashenzari the Shackled
   189 | D        | Reached * piety under Ashenzari
   189 | D        | Reached ** piety under Ashenzari
   201 | D        | Entered arena 2.
   201 | D        | Noticed a jelly
   201 | D        | Noticed a jelly
   201 | D        | Found a transporter.
   204 | D        | Killed a jelly
   204 | D        | Reached skill level 4 in Long Blades
   204 | D        | Gained mutation: You are partially covered in slimy green
                  | scales. (AC +2) [demonic ancestry]
   204 | D        | Reached XP level 2. HP: 23/26 MP: 2/2
   204 | D        | Reached XP level 3. HP: 27/31 MP: 3/3
   205 | D        | Reached skill level 5 in Fighting
   234 | D        | Entered arena 3.
   234 | D        | Noticed a floating eye
   234 | D        | Found a transporter.
   235 | D        | Paralysed by a floating eye for 2 turns
   238 | D        | Reached skill level 5 in Long Blades
   238 | D        | Killed a floating eye
   238 | D        | Reached skill level 6 in Long Blades
   238 | D        | Reached skill level 5 in Dodging
   238 | D        | Reached skill level 1 in Shields
   238 | D        | Gained mutation: When hurt, damage is shared between your
                  | health and your magic reserves. [demonic ancestry]
   238 | D        | Reached XP level 4. HP: 40/41 MP: 4/4
   238 | D        | Reached XP level 5. HP: 46/47 MP: 5/5
   349 | D        | Entered arena 4.
   349 | D        | Noticed a +0 flail of protection
   349 | D        | Noticed a deep elf knight
   349 | D        | Noticed a water elemental
   349 | D        | Noticed a fire elemental
   349 | D        | Found a transporter.
   353 | D        | Killed a +0 flail of protection
   353 | D        | Reached skill level 9 in Long Blades
   353 | D        | Gained mutation: You are mostly covered in slimy green
                  | scales. (AC +3) [demonic ancestry]
   353 | D        | Reached XP level 6. HP: 43/59 MP: 4/6
   353 | D        | Reached XP level 7. HP: 47/64 MP: 4/7
   353 | D        | Killed a fire elemental
   353 | D        | Reached skill level 10 in Long Blades
   355 | D        | Killed a water elemental
   355 | D        | Gained mutation: You have a pair of small horns on your
                  | head. [demonic ancestry]
   355 | D        | Reached XP level 8. HP: 53/72 MP: 4/8
   357 | D        | Killed a deep elf knight
   357 | D        | Reached skill level 10 in Fighting
   357 | D        | Reached skill level 11 in Long Blades
   561 | D        | Entered arena 5.
   561 | D        | Noticed a wolf spider
   561 | D        | Noticed an ironheart preserver
   561 | D        | Noticed an ogre mage
   561 | D        | Noticed a boulder beetle
   561 | D        | Found a transporter.
   564 | D        | Found a transporter.
   564 | D        | Reached *** piety under Ashenzari
   564 | D        | Noticed a spriggan air mage
   564 | D        | Noticed a spriggan air mage
   564 | D        | Noticed a spriggan rider
   564 | D        | Noticed a spriggan rider
   565 | D        | Killed an ogre mage
   565 | D        | Reached skill level 12 in Long Blades
   565 | D        | Gained mutation: You have a pair of horns on your head.
                  | [demonic ancestry]
   565 | D        | Reached XP level 9. HP: 69/81 MP: 3/9
   567 | D        | Killed a wolf spider
   567 | D        | Reached skill level 10 in Dodging
   567 | D        | Killed a boulder beetle
   567 | D        | Reached skill level 13 in Long Blades
   567 | D        | Reached skill level 5 in Stealth
   567 | D        | Reached skill level 5 in Shields
   576 | D        | Killed an ironheart preserver
   576 | D        | Reached XP level 10. HP: 62/89 MP: 4/10
   580 | D        | Noticed a cane toad
   790 | D        | Entered arena 6.
   790 | D        | Found a transporter.
   807 | D        | Entered arena 7.
   807 | D        | Noticed a salamander
   807 | D        | Noticed a shining eye
   808 | D        | Found a transporter.
   814 | D        | Gained mutation: You are clumsy. (Dex -2) [a shining eye]
   815 | D        | Killed a salamander
   815 | D        | Reached skill level 14 in Long Blades
   822 | D        | Killed a shining eye
   979 | D        | Found a transporter.
   979 | D        | Found a transporter.
   989 | D        | Entered arena 8.
   989 | D        | Found a transporter.
   989 | D        | Reached **** piety under Ashenzari
   993 | D        | Reached skill level 5 in Armour
  1022 | D        | Entered arena 9.
  1047 | D        | Gained mutation: You regenerate magic rapidly. [demonic
                  | ancestry]
  1047 | D        | Reached XP level 11. HP: 60/98 MP: 9/11
  1191 | D        | Entered arena 10.
  1192 | D        | Found the +8 glaive of the Guard {elec, +Rage AC+5 SInv}
  1195 | D        | Found a transporter.
  1195 | D        | Noticed an azure jelly
  1211 | D        | Found the +7 Kryia's mail coat {PotionHeal*2 rC+}
  1277 | D        | Entered arena 11.
  1280 | D        | Paralysed by a floating eye for 2 turns
  1285 | D        | Reached skill level 15 in Long Blades
  1396 | D        | Found a transporter.
  1396 | D        | Found the +10 zealot's sword {holy, *Rage rN+ EV+3}
  1396 | D        | Noticed a nagaraja
  1396 | D        | Noticed a nagaraja
  1396 | D        | Noticed a naga warrior
  1396 | D        | Noticed a nagaraja
  1396 | D        | Noticed a naga warrior
  1396 | D        | Noticed a nagaraja
  1396 | D        | Noticed a naga warrior
  1396 | D        | Noticed a naga warrior
  1396 | D        | Noticed a naga warrior
  1396 | D        | Noticed a naga warrior
  1396 | D        | Noticed an anaconda
  1396 | D        | Noticed an anaconda
  1396 | D        | Noticed an anaconda
  1396 | D        | Noticed an anaconda
  1396 | D        | Noticed an anaconda
  1396 | D        | Noticed an anaconda
  1396 | D        | Noticed an anaconda
  1396 | D        | Noticed a naga warrior
  1521 | D        | Got the amulet of Yshriluwo {Acrobat rC+ Int+3}
  1524 | D        | Entered arena 12.
  1529 | D        | Reached skill level 10 in Shields
  1546 | D        | Entered arena 13.
  1546 | D        | Noticed a death ooze
  1546 | D        | Noticed a great orb of eyes
  1547 | D        | Noticed a death ooze
  1548 | D        | Found a transporter.
  1550 | D        | Killed a death ooze
  1552 | D        | Killed a great orb of eyes
  1557 | D        | Killed a death ooze
  1557 | D        | Killed an azure jelly
  1557 | D        | Reached skill level 16 in Long Blades
  1559 | D        | Reached ***** piety under Ashenzari
  1576 | D        | Found a transporter.
  1576 | D        | Found the +2 robe of Vines {NoPotionHeal Regen+7}
  1576 | D        | Noticed a vampire mage
  1576 | D        | Noticed a vampire knight
  1576 | D        | Noticed a vampire knight
  1576 | D        | Noticed a skeletal warrior
  1576 | D        | Noticed a necromancer
  1576 | D        | Noticed a vampire mage
  1576 | D        | Noticed a skeletal warrior
  1576 | D        | Noticed a vampire knight
  1576 | D        | Noticed a necromancer
  1576 | D        | Noticed a necromancer
  1576 | D        | Noticed a ghoul
  1576 | D        | Noticed a vampire mage
  1576 | D        | Noticed a necromancer
  1576 | D        | Noticed a lich
  1576 | D        | Noticed a lich
  1576 | D        | Noticed a necromancer
  1576 | D        | Noticed a vampire knight
  1576 | D        | Noticed a skeletal warrior
  1576 | D        | Noticed a lich
  1699 | D        | Entered arena 14.
  1700 | D        | Noticed an eight-headed hydra
  1700 | D        | Noticed a spriggan berserker
  1700 | D        | Noticed a spriggan druid
  1702 | D        | Found a transporter.
  1709 | D        | Gained mutation: You have a pair of large horns on your
                  | head. [demonic ancestry]
  1709 | D        | Reached XP level 12. HP: 67/107 MP: 7/12
  1712 | D        | Upgraded the game from 0.26-a0-661-g406de6ba63 to
                  | 0.26-a0-662-g8b9c6dab81
  1713 | D        | Slain by a spriggan berserker

Illustrated notes

Levels and vault maps discovered:
D:        sprint_v [room_start, room_1, room_2, room_3, room_4, room_5, room_6,
          room_7, room_8, room_9, room_10, room_11, room_12, room_13, room_14,
          room_15, room_16, room_17, room_18, room_19, room_20, room_21,
          room_22, room_23, room_24, room_25, room_26, room_27]

Skill      XL: |  1  2  3  4  5  6  7  8  9 10 11 12 |
---------------+-------------------------------------+-----
Fighting       | 4 6 9 11 12 13 14 | 14.3
Long Blades    | 4 6 9 10 12 13 14 16 | 16.2
Dodging        | 4 5 8 9 10 11 | 11.2
Stealth        | 2 3 4 5 |  5.5
Shields        | 1 2 4 6 8 12 13 | 13.0
Armour         | 2 3 4 5 7 |  7.8

Action                   |  1- 3 |  4- 6 |  7- 9 | 10-12 || total
-------------------------+-------+-------+-------+-------++-------
Melee: Double sword      |     5 |     3 |    14 |    92 ||   114
       Headbutt          |       |       |     4 |    12 ||    16
Invok: Scrying           |       |       |     1 |     4 ||     5
  Use: Scroll            |     1 |       |       |       ||     1
Armor: Plate armour      |     3 |     4 |     9 |    84 ||   100
Dodge: Dodged            |       |       |       |    13 ||    13
Block: Kite shield       |     7 |     5 |    21 |   178 ||   211
       Rpst.: Double sword |       |       |       |     3 ||     3

Table legend: (Time is in decaauts)
 A = Elapsed time spent in this place.
 B = Non-inter-level travel time spent in this place.
 C = Inter-level travel time spent in this place.
 D = Time resting spent in this place.
 E = Time spent auto-exploring this place.
 F = Levels seen in this place.
 G = Mean time per level.
                   A        B        C        D        E       F      G
               +--------+--------+--------+--------+--------+-----+--------+
         Total |   1696 |   1678 |     18 |   1296 |      0 |   1 | 1696.0 |
       Dungeon |   1696 |   1678 |     18 |   1296 |      0 |   1 | 1696.0 |
               +--------+--------+--------+--------+--------+-----+--------+

Top non-repeatable levels by time:
       D: 1696 daAuts
